 Dungeon Crawl Stone Soup version 0.26-a0-597-gb535b0901c (webtiles) character file.

Game seed: 5514500808251236051

(classic levelgen) 70 EnegeticOcto the Covered (level 4, -2/42 HPs)
             Began as a Deep Dwarf Fighter on Aug 26, 2020.
             Slain by Menkaure (18 damage)
             ... on level 4 of the Dungeon.
             The game lasted 00:00:23 (768 turns).

EnegeticOcto the Covered (Deep Dwarf Fighter)        Turns: 768, Time: 00:00:23

Health: -2/42      AC:  7    Str: 21    XL:     4   Next: 4%
Magic:  4/4        EV:  7    Int:  8    God:
Gold:   80         SH:  9    Dex: 12    Spells: 3/3 levels left

rFire    . . .     SeeInvis .   a - +0 war axe
rCold    . . .     Faith    .   c - +0 kite shield
rNeg     . . .     Spirit   .   b - +0 scale mail
rPois    .         Reflect  .   (no helmet)
rElec    .         Harm     .   (no cloak)
rCorr    .                      (no gloves)
MR       .....                  (no boots)
Stlth    ..........             (no amulet)
HPRegen  0.00/turn              (no ring)
MPRegen  0.09/turn              (no ring)

@: non-regenerating
A: damage resistance, heal wounds, sense surroundings 1, no regeneration
a: Heal Wounds


You were on level 4 of the Dungeon.
You visited 1 branch of the dungeon, and saw 4 of its levels.

You collected 80 gold pieces.

Inventory:

Hand Weapons
 a - a +0 war axe (weapon)
Armour
 b - a +0 scale mail (worn)
 c - a +0 kite shield (worn)
Jewellery
 h - an uncursed ring of positive energy {unknown}
Scrolls
 e - 4 scrolls of teleportation {unknown}
 f - 2 scrolls of remove curse {unknown}
 g - 2 scrolls of amnesia {unknown}
 j - a scroll of identify {unknown}
Potions
 d - a potion of might {@q3}
 i - a potion of invisibility {unknown}


   Skills:
 + Level 3.1 Fighting
 * Level 3.4 Axes
 + Level 3.8 Armour
 + Level 3.7 Shields


You had 3 spell levels left.
You didn't know any spells.
Your spell library was empty.

Dungeon Overview and Level Annotations

Branches:
Dungeon (4/15)
 Temple: D:4-7

Altars:
Xom

Annotations:
D:4 Menkaure


Innate Abilities, Weirdness & Mutations

You are resistant to damage.
You can heal yourself by infusing magical energy.
You passively map a small area around you.
You do not regenerate.


Message History

There are monsters nearby!
There are monsters nearby!
The jackal closely misses you.
You barely miss the jackal. You block the jackal's attack.
The jackal barely misses you.
You closely miss the jackal. You block the jackal's attack.
The jackal bites you.
You slash the jackal!
You kill the jackal!
You block the jackal's attack.
You hit the jackal.
You kill the jackal!
No target in view!
No target in view!
No target in view!
No target in view!
No target in view!
No target in view!
No target in view!
No target in view!
No target in view!
No target in view!
No target in view!
No target in view!
No target in view!
No target in view!
No target in view!
No target in view!
(D) Dungeon
Where to? (Enter - D:3, ? - help)
There is an open door here.
There is an open door here.
There is a stone staircase leading down here.
You climb downwards.
There is a stone staircase leading up here.
Found an escape hatch in the ceiling.
e - 4 scrolls labeled NIFEUTT MUGU (gained 1)
A giant cockroach comes into view.
The giant cockroach waves its antennae.
The giant cockroach moves out of view.
A worker ant comes into view.
The worker ant twitches its antennae in your direction.
The worker ant moves out of view.
The worker ant bites you but does no damage.
Found 2 white potions.
Found a stone staircase leading down.
You hit the worker ant but do no damage.
You block the worker ant's attack. The worker ant bites you.
You hit the worker ant.
The worker ant is lightly wounded.
You hit the giant cockroach.
You kill the giant cockroach!
The worker ant bites you but does no damage.
The worker ant bites you.
You hit the worker ant.
The worker ant is moderately wounded.
The worker ant bites you but does no damage.
You hit the worker ant but do no damage.
The worker ant is moderately wounded.
The worker ant bites you.
The worker ant bites you but does no damage.
You hit the worker ant.
The worker ant is severely wounded.
The worker ant closely misses you. You block the worker ant's attack.
You hit the worker ant.
The worker ant is severely wounded.
You block the worker ant's attack. The worker ant bites you.
You slash the worker ant!
You kill the worker ant!
You have reached level 4!
You feel stronger.
You see here a giant cockroach corpse.
Menkaure, Prince of Dust comes into view.
Menkaure shouts!
You hear an angry hiss.
A quokka comes into view.
There are monsters nearby!
There are monsters nearby!
There are monsters nearby!
There are monsters nearby!
There are monsters nearby!
There are monsters nearby!
There are monsters nearby!
An iguana comes into view.
The iguana hisses angrily.
An adder comes into view.
The quokka bites you.
You barely miss the quokka. You block the quokka's attack.
The quokka bites you.
You barely miss Menkaure. You hit the quokka. You block the quokka's attack.
Menkaure barely misses you. The quokka completely misses you.
You miss the quokka.
The quokka is moderately wounded.
You closely miss the iguana. You closely miss the adder. You hit Menkaure.
You block the adder's attack. The quokka bites you.
You block Menkaure's attack. The iguana bites you!
You barely miss the quokka.
The quokka is moderately wounded.
You hit the iguana. You barely miss the adder.
You hit Menkaure but do no damage. The adder bites you.
You block the quokka's attack. The iguana bites you. Menkaure hits you!!
You die...

#!.#., , .# * #..#.#
##.* , ####....## #.. ,
.....#...# #.# * , , * ,
, ........###.# *
.,#.......##.####..., ,
...##...........>.# * ,
##....S....†.########.#
, ,
......M@###...........#
,#.....rl# #..###..#####
........###.......# ,
..................# ,
..................#####.
,
........................
........#.###<....#####.
, , ..........# #.....#
, , #.....# ,


You could see Menkaure, an iguana, an adder and a quokka.

Vanquished Creatures
  A worker ant (D:4)
  2 adders
  An ooze (D:2)
  2 bats
  2 giant cockroaches
  3 goblins
  3 hobgoblins (D:3)
  2 jackals (D:3)
  4 kobolds
  A ball python (D:3)
  A frilled lizard (D:2)
  2 rats (D:3)
24 creatures vanquished.

Notes
Turn   | Place    | Note
-------+----------+-------------------------------------------
     0 | D:1      | EnegeticOcto the Deep Dwarf Fighter began the quest for the
                  | Orb.
     0 | D:1      | Reached XP level 1. HP: 20/20 MP: 1/1
   199 | D:2      | Reached XP level 2. HP: 21/27 MP: 2/2
   223 | D:2      | Found a shimmering altar of Xom.
   412 | D:3      | Reached XP level 3. HP: 25/33 MP: 3/3
   759 | D:4      | Reached XP level 4. HP: 24/42 MP: 4/4
   762 | D:4      | Noticed Menkaure
   768 | D:4      | Slain by Menkaure

Illustrated notes

Levels and vault maps discovered:
D:1:      dpeg_arrival_stone_temple_mockup, layout_basic,
          grunt_decor_resistance, chequers_serial_rivers_small_3,
          minmay_misc_feat_encased
D:2:      layout_basic, xom_teletrap_fun, serial_glass, glass_columns_b,
          glass_columns_a, glass_columns_a, glass_columns_a, glass_columns_a,
          glass_columns_c, glass_columns_b, glass_columns_a, glass_columns_b,
          glass_columns_b, glass_columns_a, glass_columns_a, glass_columns_c,
          glass_columns_b, uniq_crazy_yiuf_cottage
D:3:      layout_basic
D:4:      layout_rooms, kennysheep_little_box,
          yredelemnul_forgotten_temple_becter, uniq_menkaure

Skill      XL: |  1  2  3 |
---------------+----------+-----
Axes           | 3 |  3.4
Fighting       | 3 |  3.1
Armour         | |  3.8
Shields        | |  3.7

Action                   |  1- 3 |  4- 6 || total
-------------------------+-------+-------++-------
Melee: War axe           |    87 |     4 ||    91
Armor: Scale mail        |    46 |       ||    46
Dodge: Dodged            |    35 |     2 ||    37
Block: Kite shield       |    46 |     5 ||    51

Table legend: (Time is in decaauts)
 A = Elapsed time spent in this place.
 B = Non-inter-level travel time spent in this place.
 C = Inter-level travel time spent in this place.
 D = Time resting spent in this place.
 E = Time spent auto-exploring this place.
 F = Levels seen in this place.
 G = Mean time per level.
                   A        B        C        D        E       F      G
               +--------+--------+--------+--------+--------+-----+--------+
         Total |    806 |    737 |     69 |      0 |    520 |   4 |  201.5 |
       Dungeon |    806 |    737 |     69 |      0 |    520 |   4 |  201.5 |
               +--------+--------+--------+--------+--------+-----+--------+

Top non-repeatable levels by time:
     D:3: 357 daAuts
     D:2: 218 daAuts
     D:1: 192 daAuts
     D:4: 38 daAuts
